[Event "Titled Tuesday Blitz August 08 Early 2023"]
[White "Sarkar, Justin"]
[Black "Gavilan Diaz, Mario"]
[WhiteFideId "2010011"]
[BlackFideId "2260905"]
[WhiteElo "2237"]
[BlackElo "2459"]
[Result "0-1"]
[Round "8"]
[TimeControl "180+1"]
[Date "2023.08.08"]
[WhiteClock "0:00:00"]
[BlackClock "0:00:14"]
[Board "173"]

1. d4 Nf6 2. c4 c5 3. d5 e6 4. Nc3 exd5 5. cxd5 d6 6. h3 g6 7. e4 Bg7 8. Nf3 O-O 9. Bd3 b5 10. Bxb5 Nxe4 11. Nxe4 Qa5+ 12. Nfd2 Qxb5 13. Nxd6 Qa6 14. N2c4 Nd7 15. O-O Ne5 16. Nxe5 Bxe5 17. Nxc8 Raxc8 18. Qc2 Rfd8 19. Rd1 Bd4 20. Be3 Rxd5 21. Bxd4 cxd4 22. Qe4 Rcd8 23. Rd3 Qb5 24. b3 Re5 25. Qf3 Rf5 26. Qd1 Qb6 27. Qd2 Qf6 28. Re1 Rfd5 29. b4 Kg7 30. a4 h5 31. b5 Rg5 32. Re4 Rgd5 33. Qf4 Qb6 34. Re5 Qd6 35. Re4 Qb6 36. Re5 R5d6 37. Qe4 Rf6 38. Re7 Qd6 39. Rxa7 Re6 0-1


[Site "https://www.chess.com"]

[Event "Titled Tuesday Blitz August 08 Early 2023"]
[White "Joshi, Pankaj"]
[Black "Omariev, Maksim"]
[WhiteFideId "5006210"]
[BlackFideId "4193423"]
[WhiteElo "2234"]
[BlackElo "2446"]
[Result "0-1"]
[Round "8"]
[TimeControl "180+1"]
[Date "2023.08.08"]
[WhiteClock "0:01:27"]
[BlackClock "0:02:42"]
[Board "175"]

1. d4 h6 2. e4 g5 3. h4 gxh4 4. Rxh4 Bg7 5. Nc3 d6 6. Nf3 Nc6 7. Bc4 e5 8. dxe5 Nxe5 9. Nxe5 Qxh4 10. Bxf7+ Kd8 11. Ng6 Qh1+ 12. Ke2 Qxg2 13. Nxh8 Bg4+ 0-1


[Site "https://www.chess.com"]

[Event "Titled Tuesday Blitz August 08 Early 2023"]
[White "Zaichenko, Daria"]
[Black "Rios Escobar, Adan"]
[WhiteFideId "4197453"]
[BlackFideId "3403645"]
[WhiteElo "2229"]
[BlackElo "2419"]
[Result "0-1"]
[Round "8"]
[TimeControl "180+1"]
[Date "2023.08.08"]
[WhiteClock "0:00:50"]
[BlackClock "0:00:19"]
[Board "176"]

1. e4 c5 2. Nf3 d6 3. d4 cxd4 4. Nxd4 Nf6 5. Nc3 a6 6. Be3 e5 7. Nb3 Be7 8. Be2 Be6 9. Qd3 Nbd7 10. Nd5 Bxd5 11. exd5 O-O 12. Rc1 a5 13. c4 a4 14. Nd2 Qa5 15. O-O Nc5 16. Bxc5 Qxc5 17. Ne4 Nxe4 18. Qxe4 f5 19. Qc2 Bg5 20. Rcd1 b5 21. Kh1 b4 22. b3 axb3 23. axb3 Ra3 24. Ra1 g6 25. Kg1 Rfa8 26. Rxa3 Rxa3 27. Qb2 Bf6 28. Ra1 Kg7 29. Rxa3 bxa3 30. Qa2 e4 31. Bd1 Bd4 32. Kf1 Bxf2 33. b4 Qd4 34. Bb3 Bg1 35. Qc2 Bxh2 36. c5 Qg1+ 37. Ke2 Qxg2+ 38. Kd1 Qf1+ 39. Kd2 Bf4+ 40. Kc3 Be5+ 41. Kd2 Bd4 42. Qd1 Qd3+ 43. Ke1 Qc3+ 44. Qd2 Bf2+ 45. Ke2 Qf3+ 46. Kf1 Be3+ 47. Ke1 Bxd2+ 0-1


[Site "https://www.chess.com"]

[Event "Titled Tuesday Blitz August 08 Early 2023"]
[White "Vedder, Richard"]
[Black "EvgenyBurmakin"]
[WhiteFideId "1004166"]
[WhiteElo "2403"]
[BlackElo "2224"]
[Result "0-1"]
[Round "8"]
[TimeControl "180+1"]
[Date "2023.08.08"]
[WhiteClock "0:01:55"]
[BlackClock "0:01:36"]
[Board "177"]

1. d4 f5 2. e4 fxe4 3. Nc3 Nf6 4. Bg5 c6 5. f3 d5 6. Bxf6 exf6 7. fxe4 Bb4 8. Bd3 O-O 9. Ne2 dxe4 10. Bxe4 f5 11. Bf3 Qh4+ 12. g3 Qh3 13. Nf4 Qh6 14. O-O Bd6 15. Bg2 Nd7 16. Qd3 Nf6 17. Rae1 Bd7 18. Ne6 Ng4 19. h3 Bxe6 20. hxg4 fxg4 21. d5 Bc5+ 0-1


[Site "https://www.chess.com"]

[Event "Titled Tuesday Blitz August 08 Early 2023"]
[White "Yuruultei Batbaatar"]
[Black "Kazakov, Mikhail"]
[WhiteFideId "4905962"]
[BlackFideId "14102749"]
[WhiteElo "2217"]
[BlackElo "2396"]
[Result "0-1"]
[Round "8"]
[TimeControl "180+1"]
[Date "2023.08.08"]
[WhiteClock "0:00:03"]
[BlackClock "0:00:12"]
[Board "178"]

1. d4 d5 2. c4 c6 3. Nf3 Nf6 4. Qc2 dxc4 5. Qxc4 Bf5 6. Nc3 e6 7. g3 Nbd7 8. Bg2 Ne4 9. O-O Nxc3 10. Qxc3 Be4 11. Bf4 Be7 12. Rfd1 O-O 13. Nd2 Bxg2 14. Kxg2 Nf6 15. e4 Rc8 16. Bg5 Nd5 17. exd5 Qxd5+ 18. Nf3 Bxg5 19. Qb4 b6 20. Qb3 Bf6 21. Qxd5 cxd5 22. Rac1 Rfd8 23. a3 Kf8 24. b3 b5 25. g4 Be7 26. b4 Rc4 27. Ne5 Rcc8 28. Nc6 Rd7 29. Nxa7 Rxc1 30. Rxc1 Rxa7 31. Rc8+ Bd8 32. Rxd8+ Ke7 33. Rb8 Rxa3 34. Rxb5 Rd3 35. Rb7+ Kf6 36. g5+ Kg6 37. b5 Rxd4 38. f3 Rb4 39. b6 d4 40. Rb8 Kxg5 41. b7 Kf4 42. Rd8 Rxb7 43. Rxd4+ Kf5 44. Ra4 e5 45. Kg3 f6 46. Ra5 g5 47. Rc5 h5 48. h3 Rb3 49. Ra5 g4 50. hxg4+ hxg4 51. Kg2 Rxf3 52. Ra4 Rb3 53. Rb4 0-1


[Site "https://www.chess.com"]

[Event "Titled Tuesday Blitz August 08 Early 2023"]
[White "Kiseljova, Marya"]
[Black "Nosacheva, Mariya"]
[WhiteFideId "4155009"]
[BlackFideId "34111422"]
[WhiteElo "2216"]
[BlackElo "2385"]
[Result "0-1"]
[Round "8"]
[TimeControl "180+1"]
[Date "2023.08.08"]
[WhiteClock "0:01:28"]
[BlackClock "0:01:37"]
[Board "179"]

1. d4 Nf6 2. c4 g6 3. Nc3 Bg7 4. e4 d6 5. h3 O-O 6. Nf3 Na6 7. Be3 c5 8. d5 e6 9. Be2 exd5 10. exd5 Bf5 11. O-O Ne4 12. Nxe4 Bxe4 13. Qb3 Nb4 14. Bd2 a5 15. Rac1 a4 16. Qa3 Nc2 17. Rxc2 Bxc2 18. Bc3 Bf5 19. Bxg7 Kxg7 20. Bd3 Bxd3 21. Qxd3 Qf6 22. Qc2 Rfe8 23. Re1 Rxe1+ 24. Nxe1 a3 25. bxa3 Rxa3 26. Qb1 Ra4 27. Nf3 Rxc4 28. g3 0-1


[Site "https://www.chess.com"]

[Event "Titled Tuesday Blitz August 08 Early 2023"]
[White "Davidson, Kevin"]
[Black "Hrescak, Ivana"]
[WhiteFideId "2056810"]
[BlackFideId "14613441"]
[WhiteElo "2376"]
[BlackElo "2213"]
[Result "0-1"]
[Round "8"]
[TimeControl "180+1"]
[Date "2023.08.08"]
[WhiteClock "0:00:00"]
[BlackClock "0:00:21"]
[Board "180"]

1. e4 e5 2. Nf3 Nc6 3. Bb5 a6 4. Ba4 b5 5. Bb3 g6 6. O-O Bg7 7. c3 Nge7 8. a4 Bb7 9. Re1 O-O 10. d3 d6 11. Nbd2 Kh8 12. Nf1 h6 13. Ne3 Na5 14. axb5 axb5 15. Bd5 Nxd5 16. Nxd5 Bxd5 17. exd5 f5 18. Bd2 c5 19. b4 Nb7 20. Qb3 Rxa1 21. Rxa1 e4 22. Ne1 exd3 23. Nxd3 c4 24. Qc2 cxd3 25. Qxd3 Qe8 26. Ra7 Nd8 27. h4 Rf7 28. Ra8 Rb7 29. c4 bxc4 30. Qxc4 Qd7 31. h5 g5 32. Qd3 Ra7 33. Rb8 Qc7 0-1


[Site "https://www.chess.com"]

[Event "Titled Tuesday Blitz August 08 Early 2023"]
[White "Castella Garcia, Fausto"]
[Black "Jodorcovsky Werjivker, Paulo"]
[WhiteFideId "3501922"]
[BlackFideId "3700305"]
[WhiteElo "2374"]
[BlackElo "2184"]
[Result "0-1"]
[Round "8"]
[TimeControl "180+1"]
[Date "2023.08.08"]
[WhiteClock "0:01:11"]
[BlackClock "0:01:02"]
[Board "181"]

1. e4 c5 2. Nf3 Nc6 3. Bb5 g6 4. c3 Bg7 5. d4 Nf6 6. e5 Ne4 7. Qe2 d5 8. exd6 Nxd6 9. Bxc6+ bxc6 10. dxc5 Nb7 11. Be3 O-O 12. O-O Be6 13. Nbd2 Qc7 14. Bd4 Rad8 15. Bxg7 Kxg7 16. b4 Rd7 17. Nd4 Bd5 18. f4 Nd8 19. c4 Bxg2 20. Nf5+ gxf5 21. Qxg2+ Kh8 22. Kh1 Ne6 23. Rg1 Qxf4 24. Nf3 Rdd8 25. Raf1 Rg8 26. Qh3 Rxg1+ 27. Rxg1 Rg8 28. Rf1 Qxc4 29. Qxf5 Ng7 30. Qe5 Qxf1+ 0-1


[Site "https://www.chess.com"]

[Event "Titled Tuesday Blitz August 08 Early 2023"]
[White "Araujo Filho, Luiz Antonio Coel"]
[Black "Carrasco Miranda, Andres"]
[WhiteFideId "2130661"]
[BlackFideId "3405990"]
[WhiteElo "2183"]
[BlackElo "2352"]
[Result "1-0"]
[Round "8"]
[TimeControl "180+1"]
[Date "2023.08.08"]
[WhiteClock "0:00:03"]
[BlackClock "0:00:11"]
[Board "182"]

1. d4 Nf6 2. Nf3 g6 3. c4 Bg7 4. Nc3 d5 5. cxd5 Nxd5 6. e4 Nxc3 7. bxc3 c5 8. Be2 O-O 9. O-O Qa5 10. Qb3 cxd4 11. cxd4 Nc6 12. Be3 Bg4 13. Rad1 Qb4 14. Qd3 Rfd8 15. Rb1 Qa4 16. Rxb7 Bxf3 17. Bxf3 Nxd4 18. Bxd4 Bxd4 19. Qb1 e6 20. h4 Rac8 21. h5 Bb6 22. h6 Qd4 23. Kh1 Qf6 24. Qb5 Rc5 25. Qe2 Qh4+ 26. Kg1 Qxh6 27. e5 Qg5 28. Re1 h5 29. Be4 Rxe5 30. Qf3 Rd2 31. Qxf7+ Kh8 32. Qh7# 1-0


[Site "https://www.chess.com"]

[Event "Titled Tuesday Blitz August 08 Early 2023"]
[White "cycygogne"]
[Black "Nithyalakshmi, Sivanesan"]
[BlackFideId "5706955"]
[WhiteElo "2178"]
[BlackElo "2338"]
[Result "0-1"]
[Round "8"]
[TimeControl "180+1"]
[Date "2023.08.08"]
[WhiteClock "0:01:34"]
[BlackClock "0:01:05"]
[Board "183"]

1. e4 e6 2. d4 d5 3. Nc3 Nf6 4. e5 Nfd7 5. f4 c5 6. Nf3 Nc6 7. Ne2 cxd4 8. Nexd4 Qb6 9. c3 a6 10. a3 Nc5 11. Be2 Ne4 12. O-O Bc5 13. Kh1 h5 14. Be3 Qxb2 15. Rb1 Qxc3 16. Bg1 h4 17. Rc1 Qxa3 18. Nxc6 Ng3+ 19. hxg3 hxg3+ 20. Bh2 Qxf3 21. Rxc5 Rxh2+ 0-1


[Site "https://www.chess.com"]

[Event "Titled Tuesday Blitz August 08 Early 2023"]
[White "Ai, Evan"]
[Black "Tarnowska, Aleksandra"]
[WhiteFideId "2094770"]
[BlackFideId "1180967"]
[WhiteElo "2335"]
[BlackElo "2167"]
[Result "0-1"]
[Round "8"]
[TimeControl "180+1"]
[Date "2023.08.08"]
[WhiteClock "0:00:03"]
[BlackClock "0:00:30"]
[Board "184"]

1. e4 c5 2. Nf3 e6 3. d4 cxd4 4. Nxd4 a6 5. Bd3 Bc5 6. Nb3 Be7 7. O-O d6 8. c4 Nd7 9. f4 Ngf6 10. Nc3 Qc7 11. Be3 Nc5 12. Nxc5 dxc5 13. e5 Nd7 14. Qg4 g6 15. Rad1 b6 16. Ne4 Bb7 17. Qe2 h5 18. Bc2 Rd8 19. Nd6+ Bxd6 20. Rxd6 O-O 21. Rfd1 Nb8 22. Bf2 Nc6 23. Bh4 Rxd6 24. Rxd6 Nd4 25. Qf2 Nxc2 26. Qxc2 Ba8 27. Bf6 Qb7 28. Qd2 Kh7 29. Kf1 Qe4 30. h3 Qb1+ 31. Kf2 Qe4 32. Kg3 b5 33. cxb5 axb5 34. Kh2 c4 35. Qf2 b4 36. Qg3 Bd5 37. Qg5 c3 38. bxc3 bxc3 39. Rd7 c2 40. Be7 c1=Q 41. Bxf8 Qcxf4+ 42. Qxf4 Qxf4+ 0-1


[Site "https://www.chess.com"]

[Event "Titled Tuesday Blitz August 08 Early 2023"]
[White "Mirzanurov, Bulat"]
[Black "Stachanczyk, Jacek"]
[WhiteFideId "4184521"]
[BlackFideId "1116657"]
[WhiteElo "2167"]
[BlackElo "2331"]
[Result "1/2-1/2"]
[Round "8"]
[TimeControl "180+1"]
[Date "2023.08.08"]
[WhiteClock "0:01:03"]
[BlackClock "0:01:59"]
[Board "185"]

1. e4 c5 2. Nf3 d6 3. d4 cxd4 4. Nxd4 Nf6 5. f3 Nc6 6. Nc3 g6 7. Be3 Bg7 8. Qd2 O-O 9. O-O-O d5 10. exd5 Nxd5 11. Nxc6 bxc6 12. Bd4 Nxc3 13. Qxc3 Bh6+ 14. Be3 Bxe3+ 15. Qxe3 Qb6 16. Qxe7 Be6 17. Qa3 Rad8 18. Bd3 Rd4 19. Be4 Rfd8 20. Rxd4 Qxd4 21. Qc3 Qxc3 22. bxc3 c5 23. a3 Kg7 24. Rd1 Rxd1+ 25. Kxd1 Kf6 26. Kd2 Ke5 27. Ke3 f5 28. Bd3 f4+ 29. Ke2 c4 30. Be4 Bf7 31. g3 h6 32. gxf4+ Kxf4 33. Kf2 g5 34. Bc6 Be6 35. Bb7 Bf7 36. Be4 Bg8 37. Bb7 Bf7 38. Bc6 Bg8 39. Bb7 Bf7 1/2-1/2


[Site "https://www.chess.com"]

[Event "Titled Tuesday Blitz August 08 Early 2023"]
[White "Kuchava, Ana"]
[Black "Lopez Gracia, Fernando"]
[WhiteFideId "13605348"]
[BlackFideId "2207184"]
[WhiteElo "2161"]
[BlackElo "2330"]
[Result "1-0"]
[Round "8"]
[TimeControl "180+1"]
[Date "2023.08.08"]
[WhiteClock "0:00:15"]
[BlackClock "0:00:20"]
[Board "186"]

1. d4 Nf6 2. Nf3 e6 3. c4 Bb4+ 4. Bd2 Qe7 5. e3 Nc6 6. Bd3 Bxd2+ 7. Qxd2 d6 8. Nc3 O-O 9. O-O e5 10. dxe5 dxe5 11. Ng5 Rd8 12. Qe2 h6 13. Nge4 Be6 14. a3 a5 15. Nxf6+ Qxf6 16. Ne4 Qe7 17. Rfd1 f5 18. Ng3 g6 19. h3 e4 20. Bc2 Ne5 21. b3 a4 22. Rxd8+ Rxd8 23. Rd1 axb3 24. Bxb3 Nd3 25. Qa2 Kh7 26. Ne2 c5 27. Nc3 Qg5 28. Nd5 Bxd5 29. cxd5 b5 30. Bc2 c4 31. a4 Rxd5 32. axb5 Qe7 33. Qxc4 Rc5 34. Qb3 Qc7 35. Bxd3 exd3 36. Qxd3 h5 37. Qd7+ Qxd7 38. Rxd7+ Kh6 39. b6 Rb5 40. b7 g5 41. Kh2 h4 42. g3 Rb2 43. Kg2 Kg6 44. gxh4 gxh4 45. Kf3 Kf6 46. Rd6+ Ke7 47. Rh6 Rxb7 48. Rh7+ Ke6 49. Rxb7 Kf6 50. Rb6+ Kg5 51. Rb5 Kg6 52. Kf4 Kh6 53. Rxf5 Kh7 54. Rh5+ Kg6 55. Rxh4 Kf6 56. Rg4 Ke6 57. h4 Kf6 58. h5 Ke6 59. h6 Kd6 60. h7 Ke6 61. h8=Q Kf7 62. Qh5+ Ke6 63. Rg6+ Kf7 64. Qh7+ Kf8 65. Rg8# 1-0


[Site "https://www.chess.com"]

[Event "Titled Tuesday Blitz August 08 Early 2023"]
[White "Butti, Enrique"]
[Black "Osinovsky, Stepan"]
[WhiteFideId "3700470"]
[BlackFideId "4157354"]
[WhiteElo "2161"]
[BlackElo "2316"]
[Result "0-1"]
[Round "8"]
[TimeControl "180+1"]
[Date "2023.08.08"]
[WhiteClock "0:01:11"]
[BlackClock "0:01:02"]
[Board "187"]

1. d4 Nf6 2. c4 g6 3. Nc3 Bg7 4. e4 O-O 5. Be2 d6 6. Nf3 e5 7. d5 Nbd7 8. Bg5 Nc5 9. Nd2 a5 10. b3 h6 11. Bh4 Qd7 12. O-O Nh7 13. a3 f5 14. f3 h5 15. b4 axb4 16. axb4 Rxa1 17. Qxa1 Bh6 18. bxc5 Bxd2 19. cxd6 Be3+ 20. Bf2 Bxf2+ 21. Rxf2 Qxd6 22. Nb5 Qe7 23. Qa3 Qxa3 24. Nxa3 fxe4 25. fxe4 Ng5 26. Rxf8+ Kxf8 27. Bd3 Ke7 28. c5 b6 29. cxb6 cxb6 30. Nc4 Ba6 31. Nxe5 Bxd3 32. Nxd3 Nxe4 33. Nf4 b5 34. Nxg6+ Kd6 35. Nf4 b4 36. Nd3 b3 37. Kf1 Kxd5 38. Ke2 Kd4 39. g3 Kc3 40. Ke3 Nd2 41. h3 Nf1+ 42. Kf2 Nxg3 43. Kxg3 Kxd3 44. Kh4 b2 0-1


[Site "https://www.chess.com"]

[Event "Titled Tuesday Blitz August 08 Early 2023"]
[White "Novikova, Margarita"]
[Black "Nayak Rajesh"]
[WhiteFideId "14109689"]
[BlackFideId "35017152"]
[WhiteElo "2120"]
[BlackElo "2315"]
[Result "0-1"]
[Round "8"]
[TimeControl "180+1"]
[Date "2023.08.08"]
[WhiteClock "0:00:07"]
[BlackClock "0:00:12"]
[Board "188"]

1. d4 b5 2. e4 Bb7 3. Bd3 Nf6 4. f3 a6 5. c3 e6 6. Be3 Be7 7. Ne2 O-O 8. Nd2 c5 9. O-O c4 10. Bb1 d6 11. e5 Nd5 12. Qc2 g6 13. Bh6 Bg5 14. Bxg5 Qxg5 15. f4 Qg4 16. Qe4 Ra7 17. Qf3 Qxf3 18. Nxf3 dxe5 19. fxe5 Nc6 20. Be4 Nce7 21. Ng3 h5 22. h4 Nf5 23. Bxf5 exf5 24. Rfe1 Re8 25. Ng5 Bc8 26. Re2 Rae7 27. Rae1 Nf4 28. Rd2 Bb7 29. Red1 Bd5 30. Nf1 Ne6 31. Nxe6 fxe6 32. Ne3 Rd8 33. g3 Kf7 34. Kf2 g5 35. hxg5 Kg6 36. Ng2 Kxg5 37. Nf4 h4 38. Ke3 Rh7 39. Rg1 h3 40. Rh2 Kg4 41. Nxd5 Rxd5 42. Kf2 b4 43. Rc1 bxc3 44. bxc3 Rb5 45. Rc2 Rhb7 46. Ke3 Rb1 47. Rhf2 Kxg3 48. Rfd2 Re1+ 49. Re2 Rxe2+ 50. Rxe2 h2 51. Re1 Kg2 52. Re2+ Kg3 53. Re1 Rb2 54. a4 f4+ 55. Ke4 f3 56. d5 exd5+ 57. Kxd5 f2 58. Rf1 Re2 59. e6 Re1 60. Rxf2 Kxf2 61. e7 h1=Q+ 62. Kxc4 Qa8 63. Kb3 Rxe7 64. c4 Rb7+ 65. Ka3 Qh8 66. a5 Qa1# 0-1


[Site "https://www.chess.com"]

[Event "Titled Tuesday Blitz August 08 Early 2023"]
[White "Mitrovic, Darko R"]
[Black "Tosic, Srecko"]
[WhiteFideId "927023"]
[BlackFideId "924563"]
[WhiteElo "2140"]
[BlackElo "2307"]
[Result "0-1"]
[Round "8"]
[TimeControl "180+1"]
[Date "2023.08.08"]
[WhiteClock "0:00:00"]
[BlackClock "0:00:17"]
[Board "189"]

1. d4 e6 2. a3 d5 3. b3 Bd6 4. h3 f5 5. g3 Nd7 6. Bg2 Ngf6 7. e3 O-O 8. Bb2 Ne4 9. Ne2 Qf6 10. c4 c6 11. Nd2 Kh8 12. Nf3 a5 13. h4 h6 14. h5 Kh7 15. Nf4 b5 16. cxb5 cxb5 17. Rc1 a4 18. O-O b4 19. axb4 a3 20. Ba1 Bxb4 21. Nd3 Bd6 22. Nc5 Qf7 23. Nd2 Nexc5 24. dxc5 Nxc5 25. b4 Nd3 26. Rc3 Nxb4 27. Nb3 Ba6 28. Re1 Be5 29. Nd4 Bc4 30. Bf1 Bxf1 31. Kxf1 Rfc8 32. Qd2 Bxd4 33. Qxd4 Nc6 34. Qd2 Ne7 0-1


[Site "https://www.chess.com"]

[Event "Titled Tuesday Blitz August 08 Early 2023"]
[White "Iunusovnuriddin"]
[Black "Semenova, Alina"]
[BlackFideId "24113875"]
[WhiteElo "2306"]
[BlackElo "2093"]
[Result "1-0"]
[Round "8"]
[TimeControl "180+1"]
[Date "2023.08.08"]
[WhiteClock "0:00:55"]
[BlackClock "0:01:25"]
[Board "190"]

1. e4 e6 2. d4 d5 3. Nc3 Bb4 4. Ne2 dxe4 5. a3 Bxc3+ 6. Nxc3 Nc6 7. Bb5 Bd7 8. Nxe4 Nge7 9. Bf4 Ng6 10. Bg3 O-O 11. h4 Nxd4 12. Bxd7 Qxd7 13. c3 f5 14. Nc5 Qc6 15. Qxd4 f4 16. h5 fxg3 17. hxg6 gxf2+ 18. Kf1 e5 19. Qc4+ 1-0


[Site "https://www.chess.com"]

[Event "Titled Tuesday Blitz August 08 Early 2023"]
[White "rionelG"]
[Black "Mangialardo, Tiago Carvalho"]
[BlackFideId "2130718"]
[WhiteElo "2297"]
[BlackElo "2079"]
[Result "1-0"]
[Round "8"]
[TimeControl "180+1"]
[Date "2023.08.08"]
[WhiteClock "0:00:10"]
[BlackClock "0:00:00"]
[Board "191"]

1. e4 Nf6 2. e5 Nd5 3. c4 Nb6 4. d4 d6 5. exd6 exd6 6. Nc3 Be7 7. Bd3 O-O 8. Nge2 Bg4 9. O-O Nc6 10. f3 Bh5 11. Be3 Re8 12. Qd2 d5 13. c5 Nc4 14. Bxc4 dxc4 15. d5 Nb4 16. Nf4 Bg5 17. Rae1 Bxf4 18. Bxf4 Nd3 19. Rxe8+ Qxe8 20. Bxc7 Nxc5 21. d6 Qd7 22. Nd5 Bg6 23. Re1 Ne6 24. Qa5 Re8 25. Qb4 Nxc7 26. Ne7+ Kf8 27. dxc7 Rxe7 28. Rxe7 Qd1+ 29. Re1+ 1-0


[Site "https://www.chess.com"]

[Event "Titled Tuesday Blitz August 08 Early 2023"]
[White "Verony64"]
[Black "UgarteCesar"]
[WhiteElo "2047"]
[BlackElo "2291"]
[Result "0-1"]
[Round "8"]
[TimeControl "180+1"]
[Date "2023.08.08"]
[WhiteClock "0:00:14"]
[BlackClock "0:00:17"]
[Board "192"]

1. d4 d5 2. c4 e6 3. cxd5 exd5 4. Nc3 c6 5. Qc2 Nf6 6. Bg5 Be7 7. e3 O-O 8. Bd3 h6 9. Bh4 Re8 10. Nge2 b5 11. a3 a5 12. O-O Ba6 13. f3 Nh5 14. Bf2 Bg5 15. f4 Bh4 16. g3 Be7 17. g4 Nf6 18. h3 b4 19. axb4 Bxd3 20. Qxd3 Bxb4 21. Ng3 Nbd7 22. Nf5 Nf8 23. Rfc1 Qd7 24. Na4 h5 25. Nb6 Qe6 26. Nxa8 Rxa8 27. g5 Ne4 28. Ng3 Nxf2 29. Kxf2 Qxh3 30. Rh1 Qg4 31. Rxh5 Ng6 32. Rah1 Rb8 33. f5 Bd6 34. Ne2 Rxb2 35. R1h3 Rxe2+ 36. Qxe2 Qxf5+ 37. Rf3 Qg4 38. Rfh3 Qf5+ 39. Kg2 Qe4+ 40. Qf3 Qc2+ 41. Qf2 Qe4+ 42. Rf3 Qg4+ 43. Kf1 Qxh5 44. Rxf7 Qxg5 45. Rd7 Bf8 46. Qf7+ Kh7 47. Rc7 Qxe3 48. Rxc6 Qd3+ 49. Kg2 Qe4+ 50. Kf2 a4 51. Rxg6 Qxg6 52. Qxf8 Qf6+ 53. Qxf6 gxf6 54. Ke3 a3 55. Kd3 a2 56. Kc2 Kg6 0-1


[Site "https://www.chess.com"]

[Event "Titled Tuesday Blitz August 08 Early 2023"]
[White "Saim, Mohamed Ilias"]
[Black "McLaren, Brian"]
[WhiteFideId "7900465"]
[BlackFideId "2604612"]
[WhiteElo "1999"]
[BlackElo "2272"]
[Result "1-0"]
[Round "8"]
[TimeControl "180+1"]
[Date "2023.08.08"]
[WhiteClock "0:01:55"]
[BlackClock "0:02:14"]
[Board "193"]

1. c4 Nf6 2. g3 e6 3. Bg2 d5 4. Nf3 c5 5. cxd5 exd5 6. d4 c4 7. O-O Nc6 8. Bg5 Be7 9. Nc3 Be6 10. Re1 h6 11. Bc1 O-O 12. e4 dxe4 13. Nxe4 Nxe4 14. Rxe4 Bd5 15. Re1 Bf6 16. Be3 Rc8 17. a4 Nb4 18. Ne5 Bxg2 19. Kxg2 Nc2 20. Qxc2 1-0


[Site "https://www.chess.com"]

[Event "Titled Tuesday Blitz August 08 Early 2023"]
[White "Wisniowski, Natalie"]
[Black "Swicarz, Maciej"]
[WhiteFideId "30929261"]
[BlackFideId "1113585"]
[WhiteElo "2040"]
[BlackElo "2413"]
[Result "0-1"]
[Round "8"]
[TimeControl "180+1"]
[Date "2023.08.08"]
[WhiteClock "0:00:00"]
[BlackClock "0:00:48"]
[Board "194"]

1. e4 c5 2. d4 cxd4 3. c3 Nf6 4. e5 Nd5 5. Nf3 d6 6. Bb5+ Bd7 7. Bxd7+ Qxd7 8. cxd4 Nc6 9. O-O e6 10. Nc3 dxe5 11. Nxd5 Qxd5 12. dxe5 Rd8 13. Qe2 Bc5 14. Bg5 Be7 15. Rad1 Qa5 16. Rxd8+ Qxd8 17. Rd1 Qc7 18. Bxe7 Qxe7 19. h3 O-O 20. Qb5 h6 21. Rd6 Rc8 22. Rd3 Rc7 23. Qa4 Rd7 24. Qb3 Qd8 25. Rxd7 Qxd7 26. Qa3 Qd5 27. Qa4 g6 28. Qf4 Qxa2 29. Qxh6 Qxb2 30. Kh2 Nxe5 31. Ng5 Qd4 32. Qh7+ Kf8 33. Qh8+ Ke7 34. Qh6 Qxf2 35. Qh7 Qf4+ 36. Kh1 Qxg5 37. Qh8 Qc1+ 38. Kh2 Qf4+ 39. Kh1 a5 40. Qb8 Qe4 41. Kh2 a4 42. Qc7+ Nd7 43. Qc8 a3 44. Qc7 Qe5+ 0-1


[Site "https://www.chess.com"]

[Event "Titled Tuesday Blitz August 08 Early 2023"]
[White "Pershina, Elena"]
[Black "Thiel, Thomas"]
[WhiteFideId "24147516"]
[BlackFideId "4615964"]
[WhiteElo "2361"]
[BlackElo "2198"]
[Result "0-1"]
[Round "8"]
[TimeControl "180+1"]
[Date "2023.08.08"]
[WhiteClock "0:00:14"]
[BlackClock "0:00:31"]
[Board "195"]

1. c4 e5 2. g3 Nc6 3. Bg2 f5 4. Nc3 Nf6 5. d3 Bb4 6. e3 Bxc3+ 7. bxc3 O-O 8. Ne2 d6 9. O-O Qe8 10. a4 Qh5 11. f3 f4 12. exf4 Bh3 13. d4 Bxg2 14. Kxg2 e4 15. Ng1 Rae8 16. fxe4 Qxd1 17. Rxd1 Nxe4 18. Bb2 Na5 19. c5 Nc4 20. Bc1 Nxc3 21. Rd3 Ne4 22. cxd6 Ncxd6 23. Nf3 Nf5 24. Rb1 b6 25. a5 Rd8 26. Ba3 Rfe8 27. g4 Ne7 28. Bxe7 Rxe7 29. Ne5 Re6 30. Kf3 Nd6 31. axb6 axb6 32. f5 Ree8 33. Nc6 Ra8 34. d5 Ne4 35. Rd4 Nc5 36. g5 Ra3+ 37. Kg4 Re4+ 38. Rxe4 Nxe4 39. Re1 Nf2+ 40. Kh4 Rh3# 0-1


[Site "https://www.chess.com"]

[Event "Titled Tuesday Blitz August 08 Early 2023"]
[White "Pumpkin_in_moonlight"]
[Black "Villuendas Valero, Adrian"]
[BlackFideId "2262460"]
[WhiteElo "2135"]
[BlackElo "2313"]
[Result "0-1"]
[Round "8"]
[TimeControl "180+1"]
[Date "2023.08.08"]
[WhiteClock "0:00:04"]
[BlackClock "0:01:42"]
[Board "196"]

1. e4 d6 2. d4 Nf6 3. Nc3 e5 4. dxe5 dxe5 5. Qxd8+ Kxd8 6. Bc4 Bb4 7. Bg5 Bxc3+ 8. bxc3 Be6 9. Bxe6 fxe6 10. Nf3 Nd7 11. O-O-O Kc8 12. Rhe1 a5 13. h3 Ra6 14. Bh4 Rc6 15. Re3 Rc4 16. Rde1 Ne8 17. Bg3 Rc5 18. Rd1 Nd6 19. Ng5 Re8 20. Nxh7 Nb5 21. Kb2 Nb6 22. Rf3 Na4+ 23. Ka1 Naxc3 24. Re1 Nd4 25. Rxc3 Rxc3 26. Bxe5 Nxc2+ 27. Kb2 Nxe1 28. Kxc3 Nxg2 29. Ng5 Nh4 30. Bxg7 Rg8 31. Bf6 Rf8 32. e5 Kd7 33. f4 Ng6 34. f5 exf5 35. e6+ Kd6 36. e7 Nxe7 37. Bg7 Rg8 38. Bf6 Nd5+ 39. Kd4 Nxf6 0-1


[Site "https://www.chess.com"]

[Event "Titled Tuesday Blitz August 08 Early 2023"]
[White "Petersson, Kjell"]
[Black "Rodriguez Santiago, Jaime"]
[WhiteFideId "1705148"]
[BlackFideId "3100898"]
[WhiteElo "2191"]
[BlackElo "2309"]
[Result "1/2-1/2"]
[Round "8"]
[TimeControl "180+1"]
[Date "2023.08.08"]
[WhiteClock "0:00:56"]
[BlackClock "0:01:12"]
[Board "197"]

1. d4 Nf6 2. Bf4 d5 3. e3 c5 4. c3 Nc6 5. Nd2 e6 6. Ngf3 cxd4 7. exd4 Nh5 8. Be3 Bd6 9. Ne5 g6 10. g4 Ng7 11. h4 f6 12. Nxc6 bxc6 13. h5 gxh5 14. Bh6 Qe7 15. Bxg7 Qxg7 16. Rxh5 Bd7 17. Be2 Rb8 18. Qc2 Ke7 19. O-O-O Be8 20. Rh4 Bg6 21. Bd3 e5 22. dxe5 fxe5 23. Bxg6 hxg6 24. Rdh1 Rxh4 25. Rxh4 e4 26. Nf1 Bf4+ 27. Kb1 Qf6 28. Rh7+ Kd6 29. Ne3 Bxe3 30. fxe3 Qf1+ 31. Qc1 Qd3+ 32. Qc2 Qxe3 33. Qh2+ Kc5 34. Qxb8 Qd3+ 35. Kc1 Qf1+ 36. Kc2 Qd3+ 37. Kb3 Qc4+ 38. Ka3 Qa6+ 39. Kb3 Qc4+ 40. Kc2 Qd3+ 41. Kc1 Qf1+ 42. Kd2 Qf2+ 43. Kd1 Qf1+ 44. Kd2 Qf2+ 45. Kd1 Qf1+ 46. Kc2 Qe2+ 47. Kb3 Qc4+ 1/2-1/2


[Site "https://www.chess.com"]

[Event "Titled Tuesday Blitz August 08 Early 2023"]
[White "Goswami, Vedant"]
[Black "Maluco_do_Natal_00"]
[WhiteFideId "5003725"]
[WhiteElo "2288"]
[BlackElo "2071"]
[Result "1-0"]
[Round "8"]
[TimeControl "180+1"]
[Date "2023.08.08"]
[WhiteClock "0:01:02"]
[BlackClock "0:00:42"]
[Board "198"]

1. b3 e5 2. Bb2 d6 3. e3 Be6 4. c4 f5 5. d4 e4 6. d5 Bf7 7. Nh3 h6 8. Nd2 Nf6 9. Nf4 Qe7 10. h4 Nbd7 11. Be2 Ne5 12. h5 a5 13. Qc2 b6 14. a3 Rc8 15. O-O-O c6 16. dxc6 Rxc6 17. f3 exf3 18. Bxf3 Rc8 19. Rhe1 Nxf3 20. gxf3 Nxh5 21. Kb1 b5 22. Qxf5 Rc5 23. Qd3 Qf6 24. Bxf6 1-0


[Site "https://www.chess.com"]